AoeStats
← No_English

African Clearing

510345646Analyzed
4v4 RM · 2d ago on Sep 30, 2026· 31m 29s· 8 players
Game mode
Random Map
Map size
Large (8 player)
Population
200
Speed
Normal
Resources
Standard
Victory
Conquest
Starting age
Dark Age
Ending age
Imperial Age
RankedLock teamsTeams togetherTeam positionsShared explorationLock speedFull tech treeHidden civsTurbo modeCheats
Victory
Defeat
🇸🇪 Gurjaras · Sweden
1482
+11
🇸🇪 Burgundians · Sweden
1336
+17
🇸🇪 Hindustanis · Sweden
1255
+20
🇫🇮 Varangians · Finland
1092
+27
🇩🇪 Mongols · Germany
1370
-19
🇹🇼 Japanese · Taiwan
1369
-19
🇬🇷 Koreans · Greece
1352
-19
🇺🇸 Teutons · United States
1343
-18
MineirodeOuro
3:00 Loom
No_English
9:48 Loom
12:21 Feudal Age
16:40 Castle Age
15:06 Double-Bit Axe
15:32 Horse Collar
18:47 Bow Saw
21:50 Town Watch
23:10 Wheelbarrow
Zzulu
13:21 Feudal Age
17:38 Castle Age
17:01 Double-Bit Axe
22:17 Loom
22:59 Fletching
Gurki
3:29 Loom
12:07 Feudal Age
12:47 Double-Bit Axe
12:58 Horse Collar
20:59 Castle Age
20:30 Fletching
20:48 Town Watch
22:12 Bow Saw
22:20 Bodkin Arrow
22:28 Gold Mining
22:46 Heavy Plow
23:40 Stone Mining
24:40 Wheelbarrow
26:47 Padded Archer Armor
28:22 Leather Archer Armor
Gripen
5:24 Loom
12:18 Feudal Age
16:06 Castle Age
20:48 Wheelbarrow
27:39 Town Watch
johansoderstrom1
4:14 Loom
14:57 Feudal Age
19:34 Castle Age
20:11 Double-Bit Axe
OwlfromLarsmo
3:17 Loom
12:41 Feudal Age
13:10 Town Watch
21:21 Castle Age
19:19 Stone Mining
19:41 Double-Bit Axe
20:12 Horse Collar
20:53 Gold Mining
22:34 Bow Saw
23:49 Wheelbarrow
30:56 Forging
30:54 Scale Barding Armor
Peppe L-G
7:27 Loom
11:07 Double-Bit Axe
14:16 Feudal Age
18:32 Castle Age
17:02 Bow Saw
21:18 Two-Man Saw
21:43 Horse Collar
24:02 Heavy Plow
27:32 Wheelbarrow
28:24 Stone Mining
28:29 Gold Mining
28:40 Town Watch
29:44 Scale Barding Armor
30:21 Hand Cart
31:11 Chain Barding Armor
31:45 Forging
31:52 Burgundian Vineyards
Connection lost

Rejoining the realm…

Still unreachable

The connection could not be restored.

Session expired

The server has moved on; the page needs a fresh start.